 Dungeon Crawl Stone Soup version 0.31-b1-20-g67cafac56d (webtiles) character file.

Game seed: 968487643732270898

585 jjjjhere the Changeling (level 7, -5/48 HPs)
             Began as a Merfolk Shapeshifter on Jan 17, 2024.
             Slain by a gnoll
             ... wielding a +0 halberd
              (15 damage)
             ... on level 5 of the Dungeon.
             The game lasted 00:07:16 (4451 turns).

jjjjhere the Changeling (Merfolk Shapeshifter)      Turns: 4451, Time: 00:07:16

Health: -5/48      AC:  0    Str: 15    XL:     7   Next: 37%
Magic:  7/7        EV: 17    Int:  9    God:
Gold:   250        SH:  0    Dex: 15    Spells: 6/6 levels left

rFire   . .          .
                       - Unarmed
rCold   . . .        (shield currently unavailable)
rNeg    . . .        e - melded +0 ring mail
rPois   .            (no helmet)
rElec   .            (no cloak)
rCorr   .            (no gloves)
SInv    .            (no boots)
Will    .....        (no amulet)
Stlth   +            (no ring)
HPRegen 0.28/turn    (no ring)
MPRegen 0.10/turn

%: no passive effects
@: flux-form, glowing
A: glow, contaminating, (nimble swimmer 2), mertail
a: Begin Untransformation


You were on level 5 of the Dungeon.
You were something dangerously unstable.
You visited 1 branch of the dungeon, and saw 5 of its levels.

You collected 250 gold pieces.

Inventory:

Missiles
 h - 5 atropa-tipped darts (quivered)
Armour
 a - a +0 animal skin
 e - a +0 ring mail (melded)
 r - a +0 buckler
Talismans
 c - a beast talisman
 d - a flux talisman (active)
Wands
 b - a wand of flame (27)
Scrolls
 g - 2 scrolls of fear
 k - a scroll of amnesia {unknown}
 l - 3 scrolls of noise
 m - a scroll of torment
 n - a scroll of enchant weapon {unknown}
 o - a scroll of enchant armour {unknown}
 p - a scroll of vulnerability {unknown}
 q - a scroll of blinking {unknown}
Potions
 f - 3 potions of curing
 i - a potion of attraction
 j - a potion of brilliance {unknown}
 s - a potion of mutation {unknown}


   Skills:
 - Level 1.1 Fighting
 + Level 4.1 Dodging
 + Level 6.8 Unarmed Combat
 - Level 7.1 Shapeshifting


You had 6 spell levels left.
You didn't know any spells.
Your spell library contained the following spells:

 Spells                   Type           Power      Damage    Failure   Level
 Apportation              Tloc           0%         N/A       38%         1
 Necrotise                Necr           0%         1d4       38%         1
 Sandblast                Erth           0%         2d4       38%         1
 Sting                    Conj/Alch      0%         1d3       38%         1
 Summon Small Mammal      Summ           0%         N/A       38%         1
 Frozen Ramparts          Ice            0%         1d1       77%         3
 Passwall                 Erth           0%         N/A       77%         3
 Stone Arrow              Conj/Erth      0%         3d7       77%         3
 Brom's Barrelling Bould  Conj/Erth      0%         2d3       99%         4
 Leda's Liquefaction      Alch/Erth      0%         N/A       99%         4
 Petrify                  Alch/Erth      0%         N/A       99%         4
 Metabolic Englaciation   Hex/Ice        0%         N/A       100%        5


Dungeon Overview and Level Annotations

Branches:
Dungeon (5/15)
 Temple: D:4-7

Altars:
Yredelemnul

Shops:
D:2 =

Annotations:
D:4 Edmund


Innate Abilities, Weirdness & Mutations

You are something dangerously unstable.
You glow with magical radiation, making you easy to see and hit.
Foes you strike become dangerously contaminated with magical radiation.
You are incapable of wielding weapons or throwing items.
((You are very nimble when in or above water. (Stealth+, EV+, Speed+++)))
Your lower body shifts to a powerful aquatic tail in water.


Message History

The gnoll is moderately wounded.
The gnoll misses you. The gnoll closely misses you. x2
You hit the gnoll but do no damage.
The gnoll shudders as magic cascades through it!!
You kill the gnoll!
The gnoll hits you from afar with a +0 halberd!
Your Dodging skill increases to level 4!
The gnoll misses you.
You climb upwards.
Level annotation: Edmund
There is a stone staircase leading down here.
Unknown command.
You are too injured to fight recklessly!
You hit the gnoll.
The gnoll begins to glow.
The gnoll is lightly wounded.
The gnoll closely misses you.
You hit the gnoll.
The gnoll glows dangerously bright.
The gnoll is heavily wounded.
The gnoll closely misses you.
You hit the gnoll.
The gnoll shudders as magic cascades through it!!
You kill the gnoll!
You start resting.
HP restored.
You are something dangerously unstable.
You are glowing.
Your movement speed is average.
Your attack delay is about 0.8.
Your damage rating with unarmed combat is about 10 (Base [3 + 6 (UC)] x 112% (Str) x 101% (Fight)).
Unknown command.
You climb downwards.
There is a stone staircase leading up here.
Found a bubbling silvery potion.
The gnoll hits you with a +0 halberd!
You hit the gnoll.
The gnoll begins to glow.
The gnoll is lightly wounded.
The gnoll hits you with a +0 halberd!
The gnoll hits you from afar with a +0 halberd!
* * * LOW HITPOINT WARNING * * *
There is a stone staircase leading up here.
The gnoll hits you from afar with a +0 halberd!
You die...

######## #......#
#......# ###......##
.........
#......####
#.....)p..#
#......##..!#
#....g.#
#.##.#########
#......#
.......<....#
..........!.#
.#.##....####
##........#...#
..!g####
...#.#####.....$....
.# #. .##...... # .#
....g$


You could see a gnoll (contam).

Vanquished Creatures
  Sigmund (D:2)
  3 jellies
  A hound (D:4)
  A bombardier beetle (D:4)
  An orc priest (D:4)
  2 orc wizards (D:4)
  2 gnolls
  7 adders
  3 ribbon worms
  3 dart slugs
  8 orcs
  5 ball pythons
  6 endoplasms
  3 giant cockroaches (D:1)
  4 goblins
  10 hobgoblins
  4 quokkas
  6 bats
  5 frilled lizards
  10 kobolds
  27 rats
  A spectral goblin (D:1)
113 creatures vanquished.

Notes
Turn   | Place    | Note
-------+----------+-------------------------------------------
     0 | D:1      | jjjjhere the Merfolk Shapeshifter began the quest for the
                  | Orb.
     0 | D:1      | Reached XP level 1. HP: 15/15 MP: 1/1
   137 | D:1      | Reached XP level 2. HP: 21/21 MP: 2/2
   217 | D:1      | Found a faded altar of an unknown god.
   256 | D:1      | Reached XP level 3. HP: 25/26 MP: 3/3
   781 | D:2      | Noticed Sigmund
  1003 | D:2      | Reached skill level 5 in Shapeshifting
  1172 | D:2      | HP: 2/26 [Sigmund/magic dart (10)]
  1177 | D:2      | Killed Sigmund
  1178 | D:2      | Reached skill level 5 in Unarmed Combat
  1178 | D:2      | Reached skill level 6 in Shapeshifting
  1178 | D:2      | Reached XP level 4. HP: 22/32 MP: 4/4
  1178 | D:2      | Reached XP level 5. HP: 25/37 MP: 5/5
  1287 | D:2      | Found Zurphuam's Jewellery Shoppe.
  2005 | D:3      | Reached XP level 6. HP: 43/43 MP: 6/6
  2614 | D:4      | Noticed Edmund
  3185 | D:4      | HP: 14/43 [burnt (4)]
  3373 | D:4      | Found a basalt altar of Yredelemnul.
  3477 | D:4      | Reached skill level 7 in Shapeshifting
  3560 | D:4      | Reached XP level 7. HP: 35/48 MP: 7/7
  4007 | D:5      | Entered Level 5 of the Dungeon
  4237 | D:5      | HP: 15/48 [poisoned by an adder]
  4242 | D:5      | HP: 11/48 [poisoned by an adder]
  4448 | D:5      | HP: 10/48 [gnoll/+0 halberd (10)]
  4451 | D:5      | Slain by a gnoll

Illustrated notes

Levels and vault maps discovered:
D:1:      wander_arrival_estate, layout_loops_cross, serial_glass,
          glass_columns_a, glass_columns_a,
          dreamdust_ecumenical_altar_drowned_temple, minivault_25, st_stairs_5
D:2:      layout_basic, serial_shops, shop, uniq_sigmund
D:3:      minmay_angry_zag, layout_rooms, minmay_rat_hole
D:4:      layout_cave_pools, overflow_temple_1_default, minmay_misc_feat_room,
          uniq_edmund
D:5:      layout_rooms, ebering_ghost_sewer_f

Skill      XL: |  1  2  3  4  5  6  7 |
---------------+----------------------+-----
Unarmed Combat | 5 6 |  6.8
Shapeshifting  | 6 7 |  7.1
Dodging        | 4 |  4.1
Fighting       | |  1.1

Action                     |  1- 3 |  4- 6 |  7- 9 || total
---------------------------+-------+-------+-------++-------
  Melee: Unarmed           |    94 |   144 |    57 ||   295
         Punch             |     6 |     6 |       ||    12
         Tailslap          |     1 |       |       ||     1
  Throw: Dart              |     5 |     1 |       ||     6
    Use: Potion            |     2 |     1 |       ||     3
         Scroll            |       |     4 |     1 ||     5
   Stab: Invisible         |     1 |       |       ||     1
 Armour: Ring mail         |    44 |    52 |       ||    96
         Animal skin       |     2 |       |       ||     2
         Skin              |     2 |     3 |    17 ||    22
  Dodge: Dodged            |    39 |    65 |    34 ||   138
   Form: Flux              |       |     1 |       ||     1
